 Dungeon Crawl Stone Soup version 0.23.0 (webtiles) character file.

Game seed: 5865309241284205910

1129 Inarius the Skirmisher (level 8, -2/70 HPs)
             Began as a Minotaur Venom Mage on Feb 14, 2019.
             Was an Initiate of Qazlal.
             Slain by a killer bee (4 damage)
             ... on level 6 of the Dungeon.
             The game lasted 00:10:05 (5492 turns).

Inarius the Skirmisher (Minotaur Venom Mage)        Turns: 5492, Time: 00:10:07

Health: -2/70      AC: 10    Str: 22    XL:     8   Next: 13%
Magic:  9/9        EV:  9    Int: 12    God:    Qazlal [......]
Gold:   269        SH:  4    Dex: 11    Spells: 8/9 levels left

rFire    . . .     SeeInvis +   y - +0 war axe
rCold    . . .     Gourm    .   e - +0 buckler
rNeg     . . .     Faith    .   q - +0 chain mail
rPois    .         Spirit   .   (helmet restricted)
rElec    .         Reflect  .   (no cloak)
rCorr    .         Harm     .   (no gloves)
MR       .....                  t - +0 pair of boots
Stlth    ..........             u - amulet of regeneration
HPRegen  0.61/turn              f - ring of see invisible
MPRegen  0.11/turn              (no ring)

@: mighty, lethally poisoned (-2 -> -15), flying
A: retaliatory headbutt, horns 2, blink, blurry vision 1, strong 1, MP-powered
wands
a: Blink, Renounce Religion


You were on level 6 of the Dungeon.
You worshipped Qazlal.
Qazlal was noncommittal.
You were hungry.

You visited 2 branches of the dungeon, and saw 7 of its levels.

You collected 269 gold pieces.

Inventory:

Hand Weapons
 y - a +0 war axe (weapon)
Armour
 e - a +0 buckler (worn)
 q - a +0 chain mail (worn)
 s - a +0 large shield
 t - a +0 pair of boots (worn)
Jewellery
 f - a ring of see invisible (left hand)
 u - an amulet of regeneration (around neck)
 C - an uncursed amulet of guardian spirit
Wands
 i - a wand of flame (13)
 v - a wand of acid (12)
Scrolls
 b - a scroll of noise {unknown}
 l - 3 scrolls of remove curse
 m - a scroll of amnesia {unknown}
 o - a scroll of fear {unknown}
 w - a scroll of blinking {unknown}
 x - 2 scrolls of enchant armour {unknown}
Potions
 d - a potion of cancellation {unknown}
 g - a potion of invisibility {unknown}
 h - a potion of magic {unknown}
 j - 2 potions of mutation
 k - a potion of might
 n - a potion of heal wounds {unknown}
 p - a potion of flight
 z - a potion of haste {unknown}
 A - a potion of brilliance {unknown}
Comestibles
 c - 8 rations


   Skills:
 * Level 6.1 Fighting
   Level 0.2 Short Blades
 * Level 5.2(5.3) Axes
   Level 0.3(3.2) Maces & Flails
 + Level 4.7 Armour
 + Level 5.0 Dodging
 - Level 1.5 Stealth
 + Level 2.6 Shields
 - Level 1.3 Spellcasting
 - Level 0.6 Conjurations
 - Level 2.1 Poison Magic
 + Level 0.6 Evocations


You had 8 spell levels left.
You knew the following spells:

 Your Spells              Type           Power        Failure   Level  Hunger
a - Sting                 Conj/Pois      #...         85%         1    ##.....

Your spell library contained the following spells:

 Spells                   Type           Power        Failure   Level  Hunger
 Poisonous Vapours        Pois/Air       #.....       95%         2    ###....
 Mephitic Cloud           Conj/Pois/Air  #.......     99%         3    ####...
 Olgreb's Toxic Radiance  Pois           #.......     100%        4    #####..
 Venom Bolt               Conj/Pois      #.........   100%        5    ######.


Dungeon Overview and Level Annotations

Branches:
Dungeon (6/15)             Temple (1/1) D:6

Altars:
Cheibriados
Elyvilon
Gozag
Makhleb
Okawaru
Qazlal
Ru
Uskayaw
Vehumet
Wu Jian
Xom
Zin
The Shining One


Innate Abilities, Weirdness & Mutations

You reflexively headbutt those who attack you in melee.
You have a pair of horns on your head.
You can translocate small distances at will.
Scrolls take you a little longer to read.
Your muscles are strong. (Str +2)
You expend magic power (3 MP) to strengthen your wands.


Message History

It was a potion of might.
You feel very mighty all of a sudden.
* * * LOW HITPOINT WARNING * * *
You feel sick. The killer bee closely misses you. You furiously retaliate!
You headbutt the killer bee!
You kill the killer bee!
Qazlal accepts your kill.
The killer bee stings you but does no damage.
The killer bee stings you.
* * * LOW HITPOINT WARNING * * *
You are more poisoned.
The killer bee poisons you! The killer bee misses you.
The killer bee stings you but does no damage.
It was a potion of flight.
You feel very buoyant.
You fly up into the air.
* * * LOW HITPOINT WARNING * * *
You feel very sick. The killer bee closely misses you.
The killer bee stings you.
You die...

######
.....#################
.....#....#..........#
.....#..[.'....<.....#
.....###########.....#
..........# #.....#
..........# #....##
#####.....# #....##
....'.....##+###@†...#
....#..........#yy...#
....######.....#'#####
....# +.........#
)...# #.........#
....# ######....'..+
....###### #....#..#
....##...# #....#..#
....##...# #..>.# +#


You could see 2 killer bees.

Vanquished Creatures
  A sky beast (D:5)
  3 ogres
  A scorpion (D:6)
  4 killer bees (D:6)
  A crimson imp (D:5)
  A centaur zombie (D:5)
  A bullfrog skeleton (D:5)
  An orc priest (D:5)
  2 hounds
  A jelly (D:5)
  An orc wizard (D:5)
  2 iguanas
  Natasha (D:4)
  3 worker ants
  5 adders
  2 gnolls (D:2)
  2 howler monkey skeletons (D:5)
  An ooze (D:4)
  An adder skeleton (D:5)
  An adder zombie (D:5)
  3 worms
  2 leopard geckos
  5 orcs
  8 giant cockroaches
  5 goblins
  4 hobgoblins
  9 kobolds
  4 quokkas
  2 ball pythons
  5 bats
  3 frilled lizards
  7 rats
92 creatures vanquished.

Vanquished Creatures (collateral kills)
  An adder (D:2)
1 creature vanquished.

Vanquished Creatures (others)
  A gnoll (D:2)
  A hobgoblin (D:2)
2 creatures vanquished.

Grand Total: 95 creatures vanquished

Notes
Turn   | Place    | Note
-------+----------+-------------------------------------------
     0 | D:1      | Inarius the Minotaur Venom Mage began the quest for the
                  | Orb.
     0 | D:1      | Reached XP level 1. HP: 14/14 MP: 1/1
    79 | D:1      | Reached skill level 1 in Fighting
   332 | D:1      | Reached XP level 2. HP: 19/23 MP: 0/3
   478 | D:1      | Reached skill level 2 in Fighting
   614 | D:1      | You fall through a shaft!
  1028 | D:2      | Reached XP level 3. HP: 28/29 MP: 0/4
  1440 | D:2      | Noticed a +0 dagger
  1440 | D:2      | Noticed a +0 hand axe
  1475 | D:2      | Found a hide-covered altar of Uskayaw.
  1643 | D:2      | Reached skill level 3 in Fighting
  1643 | D:2      | Reached XP level 4. HP: 26/38 MP: 0/5
  2902 | D:4      | Reached skill level 1 in Armour
  2902 | D:4      | Reached XP level 5. HP: 42/45 MP: 6/6
  3007 | D:4      | Reached skill level 4 in Fighting
  3007 | D:4      | Reached skill level 1 in Shields
  3146 | D:4      | Noticed Natasha
  3161 | D:4      | Killed Natasha
  3470 | D:4      | Noticed an ogre
  3521 | D:4      | Killed an ogre
  3521 | D:4      | Reached XP level 6. HP: 30/53 MP: 7/7
  4026 | D:5      | Entered Level 5 of the Dungeon
  4228 | D:5      | Reached skill level 5 in Fighting
  4513 | D:5      | Reached XP level 7. HP: 56/61 MP: 8/8
  4730 | D:5      | Reached skill level 1 in Axes
  4962 | D:5      | Reached skill level 5 in Dodging
  5182 | D:6      | Found a staircase to the Ecumenical Temple.
  5207 | Temple   | Entered the Ecumenical Temple
  5220 | Temple   | Became a worshipper of Qazlal Stormbringer
  5458 | D:6      | Reached XP level 8. HP: 58/70 MP: 9/9
  5485 | D:6      | Reached skill level 6 in Fighting
  5487 | D:6      | Reached skill level 5 in Axes
  5488 | D:6      | Gained mutation: You expend magic power (3 MP) to
                  | strengthen your wands. [potion of mutation]
  5488 | D:6      | Gained mutation: Your muscles are strong. (Str +2) [potion
                  | of mutation]
  5488 | D:6      | Gained mutation: Scrolls take you a little longer to read.
                  | [potion of mutation]
  5488 | D:6      | Gained mutation: You can translocate small distances at
                  | will. [potion of mutation]
  5492 | D:6      | HP: 2/70 [poisoned by a killer bee]
  5492 | D:6      | Slain by a killer bee

Skill      XL: |  1  2  3  4  5  6  7  8 |
---------------+-------------------------+-----
Fighting       | 1 2 3 4 5 6 |  6.1
Dodging        | 3 4 5 |  5.0
Armour         | 1 2 3 4 |  4.7
Shields        | 1 2 |  2.6
Axes           | 4 5 |  5.2
Short Blades   | |  0.2
Maces & Flails | |  0.3
Stealth        | |  1.5
Spellcasting   | |  1.3
Conjurations   | |  0.6
Poison Magic   | |  2.1
Evocations     | |  0.6

Action                   |  1- 3 |  4- 6 |  7- 9 || total
-------------------------+-------+-------+-------++-------
Melee: Club              |    18 |       |       ||    18
       Headbutt          |    11 |    28 |    15 ||    54
       Unarmed           |     2 |       |       ||     2
       Short sword       |    57 |   174 |       ||   231
       Hand axe          |       |     7 |    55 ||    62
       War axe           |       |       |    55 ||    55
 Cast: Sting             |    33 |     2 |       ||    35
Evoke: Wand              |     3 |     4 |       ||     7
  Use: Scroll            |     1 |     4 |     1 ||     6
       Potion            |       |       |     4 ||     4
  Eat: Chunk             |     3 |    10 |     3 ||    16
Armor: Robe              |    11 |     2 |       ||    13
       Chain mail        |       |    85 |    73 ||   158
Dodge: Dodged            |    54 |    62 |    44 ||   160
Block: Buckler           |     7 |    33 |    20 ||    60
